[Event "Szansa Chess Open 2022"]
[Site "Warsaw"]
[Date "2022.09.17"]
[Round "2.2"]
[White "Kosakowski, Jakub"]
[Black "Omar, Mohamed"]
[Result "1-0"]
[ECO "B05"]
[WhiteElo "2457"]
[BlackElo "1853"]
[Annotator "ChessBase"]
[PlyCount "45"]
[EventDate "2022.09.17"]
[EventCountry "POL"]
[SourceTitle "playchess.com"]
[Source "ChessBase"]
[SourceQuality "1"]
[TimeControl "900+10"]

1. e4 Nf6 2. e5 Nd5 3. d4 d6 4. Nf3 Bg4 5. Be2 Nc6 6. c4 Nb6 7. exd6 exd6 8. O-O Be7 9. Nbd2 O-O 10. h3 Bf5 11. d5 Nb4 12. Nd4 Bd3 13. a3 Bxe2 14. Qxe2 c5 15. Nf5 Nc2 16. Nxe7+ Kh8 17. Rb1 Nd4 18. Qe4 Re8 19. Re1 f5 20. Qh4 h6 21. Nf3 Nxf3+ 22. gxf3 Kh7 23. Re6 1-0

[Event "Szansa Chess Open 2022"]
[Site "Warsaw"]
[Date "2022.09.17"]
[Round "2.3"]
[White "Gasik, Piotr"]
[Black "Jakubowski, Krzysztof"]
[Result "0-1"]
[ECO "A34"]
[WhiteElo "1956"]
[BlackElo "2466"]
[Annotator "ChessBase"]
[PlyCount "46"]
[EventDate "2022.09.17"]
[EventCountry "POL"]
[SourceTitle "playchess.com"]
[Source "ChessBase"]
[SourceQuality "1"]
[TimeControl "900+10"]

1. c4 c5 2. Nc3 Nf6 3. Nf3 d5 4. cxd5 Nxd5 5. g3 Nc6 6. Bg2 Nc7 7. Qa4 Bd7 8. Qe4 Ne6 9. e3 g6 10. Ne5 Bg7 11. Nxd7 Qxd7 12. O-O O-O 13. f4 Rad8 14. f5 Nc7 15. fxg6 hxg6 16. Qc4 Ne6 17. a3 Ne5 18. Qd5 c4 19. Qxb7 Qxb7 20. Bxb7 Nc5 21. Bg2 Nb3 22. Rb1 Nd3 23. Ne2 Ndxc1 0-1

[Event "Szansa Chess Open 2022"]
[Site "Warsaw"]
[Date "2022.09.17"]
[Round "2.4"]
[White "Nasuta, Grzegorz"]
[Black "Kaminski, Jan"]
[Result "1-0"]
[ECO "B51"]
[WhiteElo "2531"]
[BlackElo "1888"]
[Annotator "ChessBase"]
[PlyCount "63"]
[EventDate "2022.09.17"]
[EventCountry "POL"]
[SourceTitle "playchess.com"]
[Source "ChessBase"]
[SourceQuality "1"]
[TimeControl "900+10"]

1. e4 c5 2. Nf3 d6 3. Bb5+ Nd7 4. a4 Ngf6 5. Nc3 e6 6. d4 cxd4 7. Qxd4 a6 8. Be2 Be7 9. O-O O-O 10. Rd1 Qc7 11. a5 Ne5 12. Nxe5 dxe5 13. Qc4 Qxc4 14. Bxc4 Bd7 15. f3 Rac8 16. Bd3 Bc5+ 17. Kf1 Rfd8 18. Ke2 Bc6 19. Na4 Ba7 20. Be3 Bxe3 21. Kxe3 Bxa4 22. Rxa4 Nd7 23. Rb4 Nc5 24. Be2 Rxd1 25. Bxd1 Kf8 26. Rc4 Rc6 27. Be2 Ke7 28. b4 Nd7 29. Rxc6 bxc6 30. Bxa6 Kd6 31. Bc8 Nb8 32. a6 1-0

[Event "Szansa Chess Open 2022"]
[Site "Warsaw"]
[Date "2022.09.17"]
[Round "2.5"]
[White "Kozak, Antoni"]
[Black "Niezhentsev, Kyrylo"]
[Result "1-0"]
[ECO "A22"]
[WhiteElo "2434"]
[BlackElo "2009"]
[Annotator "ChessBase"]
[PlyCount "59"]
[EventDate "2022.09.17"]
[EventCountry "POL"]
[SourceTitle "playchess.com"]
[Source "ChessBase"]
[SourceQuality "1"]
[TimeControl "900+10"]

1. c4 e5 2. Nc3 Nf6 3. g3 d5 4. cxd5 Nxd5 5. Bg2 Nb6 6. e3 Nc6 7. a3 Be7 8. Nge2 Be6 9. O-O O-O 10. f4 exf4 11. Nxf4 Bc4 12. d3 Ba6 13. b4 Bf6 14. Bb2 Re8 15. Qb1 Bxc3 16. Bxc3 Bb5 17. Qb3 Ba4 18. Qa2 Qe7 19. Nh5 Qxe3+ 20. Kh1 Qe6 21. Bxg7 Qxa2 22. Rxa2 Nd7 23. Bd5 Nd8 24. Kg1 Bc6 25. Bb3 a5 26. Raf2 Ne6 27. Rxf7 axb4 28. axb4 Rad8 29. Bc3 Ra8 30. Rg7+ 1-0

[Event "Szansa Chess Open 2022"]
[Site "Warsaw"]
[Date "2022.09.17"]
[Round "2.6"]
[White "Hryszkiewicz, Michal"]
[Black "Nguyen, Piotr"]
[Result "0-1"]
[ECO "A41"]
[WhiteElo "1815"]
[BlackElo "2421"]
[Annotator "ChessBase"]
[PlyCount "59"]
[EventDate "2022.09.17"]
[EventCountry "POL"]
[SourceTitle "playchess.com"]
[Source "ChessBase"]
[SourceQuality "1"]
[TimeControl "900+10"]

1. d4 d6 2. Bf4 g6 3. Nc3 Bg7 4. Qd2 e5 5. dxe5 dxe5 6. Qxd8+ Kxd8 7. O-O-O+ Nd7 8. Bg3 c6 9. f3 Kc7 10. Ne4 Nb6 11. Nd6 Be6 12. Nh3 Ne7 13. Ng5 Bh6 14. Bxe5 Bxg5+ 15. f4 Nd7 16. Nb5+ Kb6 17. Bc7+ Kxb5 18. e3+ Kc5 19. b4+ Kxb4 20. Bd6+ Ka5 21. Bc7+ Nb6 22. Rd3 Bf6 23. Ra3+ Kb4 24. Bd6+ c5 25. Rd3 Rac8 26. e4 Rhd8 27. e5 Nf5 28. Be2 Nxd6 29. exd6 c4 30. Bf1 0-1

[Event "Szansa Chess Open 2022"]
[Site "Warsaw"]
[Date "2022.09.17"]
[Round "2.7"]
[White "Kowalski, Igor"]
[Black "Wadelek, Karol"]
[Result "1-0"]
[ECO "E11"]
[WhiteElo "2344"]
[BlackElo "1943"]
[Annotator "ChessBase"]
[PlyCount "165"]
[EventDate "2022.09.17"]
[EventCountry "POL"]
[SourceTitle "playchess.com"]
[Source "ChessBase"]
[SourceQuality "1"]
[TimeControl "900+10"]

1. d4 Nf6 2. Nf3 e6 3. c4 Bb4+ 4. Nbd2 O-O 5. a3 Bxd2+ 6. Qxd2 d6 7. e3 a5 8. b3 Nc6 9. Bb2 Re8 10. Bd3 Qe7 11. O-O e5 12. Bc2 Bg4 13. d5 Nb8 14. Ne1 Nc6 15. Nf3 Nb8 16. Ne1 Nbd7 17. f3 Bh5 18. e4 Bg6 19. Nd3 b6 20. b4 Rf8 21. Bc3 axb4 22. axb4 h5 23. Nf2 Nh7 24. Bd3 h4 25. Qc2 Ndf6 26. Bd2 Nh5 27. Nh3 Rfc8 28. Be3 Qf6 29. Qd2 Rf8 30. Kh1 Qe7 31. Qc2 Qd7 32. c5 bxc5 33. bxc5 Rxa1 34. Rxa1 f5 35. cxd6 cxd6 36. Ra7 Qd8 37. exf5 Bf7 38. Be4 N5f6 39. Qc6 Nxe4 40. fxe4 Qb8 41. Rb7 Qa8 42. Rb1 Qa2 43. Re1 Nf6 44. Nf2 h3 45. gxh3 Nxe4 46. Kg1 Bxd5 47. Qd7 Nxf2 48. Bxf2 Qb3 49. Be3 Qc2 50. Bf2 Rxf5 51. Qd8+ Rf8 52. Qh4 Qg6+ 53. Bg3 Qf6 54. Qg4 Qf3 55. Qxf3 Bxf3 56. Kf2 Bc6+ 57. Ke2 Ra8 58. Rc1 Bd7 59. h4 Kf7 60. Bf2 Ke6 61. Kf3 d5 62. Re1 Kf5 63. Kg2 d4 64. Bg3 Bc6+ 65. Kh3 e4 66. Rc1 Bd5 67. Rc7 g6 68. Rd7 Ke6 69. Rd6+ Kf7 70. Rxd5 d3 71. Kg4 Re8 72. Kf4 e3 73. Rxd3 e2 74. Be1 Kf6 75. Re3 Ra8 76. Bc3+ Kf7 77. Rxe2 Ra4+ 78. Kg5 Rc4 79. Rf2+ Ke6 80. Bg7 Ke7 81. h3 Ra4 82. Kxg6 Rxh4 83. Bf6+ 1-0

[Event "Szansa Chess Open 2022"]
[Site "Warsaw"]
[Date "2022.09.17"]
[Round "2.8"]
[White "Khamidov, Abdulla"]
[Black "Psyk, Radoslaw"]
[Result "0-1"]
[ECO "B02"]
[WhiteElo "1804"]
[BlackElo "2404"]
[Annotator "ChessBase"]
[PlyCount "32"]
[EventDate "2022.09.17"]
[EventCountry "POL"]
[SourceTitle "playchess.com"]
[Source "ChessBase"]
[SourceQuality "1"]
[TimeControl "900+10"]

1. e4 Nf6 2. Nc3 d5 3. exd5 Nxd5 4. Bb5+ c6 5. Be2 Bf5 6. d3 Nd7 7. Nxd5 cxd5 8. Nf3 e6 9. O-O Bd6 10. c4 O-O 11. cxd5 exd5 12. Qb3 Nc5 13. Qd1 Re8 14. Be3 Ne6 15. g3 d4 16. Bd2 Qb6 0-1

[Event "Szansa Chess Open 2022"]
[Site "Warsaw"]
[Date "2022.09.17"]
[Round "2.9"]
[White "Jarmula, Lukasz"]
[Black "Kaczmarska, Joanna"]
[Result "1-0"]
[ECO "A80"]
[WhiteElo "2457"]
[BlackElo "1948"]
[Annotator "ChessBase"]
[PlyCount "85"]
[EventDate "2022.09.17"]
[EventCountry "POL"]
[SourceTitle "playchess.com"]
[Source "ChessBase"]
[SourceQuality "1"]
[TimeControl "900+10"]

1. d4 f5 2. Nc3 Nf6 3. Bg5 d5 4. e3 e6 5. Nf3 h6 6. Bxf6 Qxf6 7. Ne5 h5 8. Be2 g6 9. O-O Nd7 10. Nb5 Kd8 11. f4 a6 12. Nc3 Nxe5 13. dxe5 Qf7 14. e4 Bc5+ 15. Kh1 c6 16. Na4 Ba7 17. exd5 exd5 18. c4 b5 19. cxd5 bxa4 20. Bf3 Qd7 21. d6 Rb8 22. Re1 Re8 23. Qxa4 Rxb2 24. Qa5+ Bb6 25. Qc3 Rb5 26. Rad1 Ba5 27. Qe3 Bxe1 28. Qxe1 Bb7 29. a4 Rb3 30. Be2 Re3 31. Qa5+ Kc8 32. Bxa6 Rb3 33. Bc4 Rb2 34. Qc3 Rb6 35. a5 c5 36. axb6 Rd8 37. Qa3 Qc6 38. Be6+ Rd7 39. Qg3 Qa4 40. Rg1 Bc6 41. Qxg6 h4 42. Bxd7+ Kxd7 43. Qf7+ 1-0

[Event "Szansa Chess Open 2022"]
[Site "Warsaw"]
[Date "2022.09.17"]
[Round "2.10"]
[White "Kulesza, Andrzej"]
[Black "Lewtak, Damian"]
[Result "1-0"]
[ECO "B15"]
[WhiteElo "2014"]
[BlackElo "2386"]
[Annotator "ChessBase"]
[PlyCount "119"]
[EventDate "2022.09.17"]
[EventCountry "POL"]
[SourceTitle "playchess.com"]
[Source "ChessBase"]
[SourceQuality "1"]
[TimeControl "900+10"]

1. e4 c6 2. d4 d5 3. Nd2 dxe4 4. Nxe4 Nf6 5. Nxf6+ exf6 6. Nf3 Na6 7. Be2 Bd6 8. Be3 Nc7 9. c4 O-O 10. Qd2 b5 11. b3 Bg4 12. O-O Re8 13. Rfe1 Rb8 14. c5 Bf8 15. Bf4 Rb7 16. h3 Be6 17. Bxc7 Rxc7 18. Rad1 Rd7 19. Qc2 Bd5 20. Nh2 Qa5 21. Nf3 Qd8 22. Nh2 Qa5 23. Nf1 g6 24. Ne3 Be4 25. Qb2 Bh6 26. Ng4 Bg7 27. Bf3 f5 28. Bxe4 fxe4 29. Re2 f5 30. Ne3 Qd8 31. Nc2 Qg5 32. b4 f4 33. Qb3+ Kh8 34. f3 e3 35. a4 a6 36. axb5 axb5 37. Qa2 Qd8 38. Qa6 Qc8 39. Qxc8 Rxc8 40. g3 g5 41. h4 h6 42. hxg5 hxg5 43. gxf4 gxf4 44. Kg2 Kg8 45. Kh3 Rf8 46. Rg2 Rd5 47. Rg6 Rh5+ 48. Kg2 Rff5 49. Rg4 Rfg5 50. Ra1 Rxg4+ 51. fxg4 Rh4 52. g5 Kh7 53. Ra6 Kg6 54. Ne1 Rg4+ 55. Kf3 Rg1 56. Ke2 Bxd4 57. Rxc6+ Kf5 58. Nf3 Rg2+ 59. Kd3 Bg7 60. Nh4+ 1-0

[Event "Szansa Chess Open 2022"]
[Site "Warsaw"]
[Date "2022.09.17"]
[Round "3.1"]
[White "Gumularz, Szymon"]
[Black "Alvarado, Carlos"]
[Result "1-0"]
[ECO "B13"]
[WhiteElo "2532"]
[BlackElo "2108"]
[Annotator "ChessBase"]
[PlyCount "65"]
[EventDate "2022.09.17"]
[EventCountry "POL"]
[SourceTitle "playchess.com"]
[Source "ChessBase"]
[SourceQuality "1"]
[TimeControl "900+10"]

1. e4 c6 2. d4 d5 3. exd5 cxd5 4. Bd3 Nc6 5. c3 Nf6 6. h3 g6 7. Qc2 Bg7 8. Nf3 O-O 9. O-O Qc7 10. Re1 Nh5 11. Be3 Nf4 12. Bf1 Bf5 13. Qd2 Nh5 14. Qd1 Rad8 15. Nbd2 Nf6 16. Rc1 Ne4 17. Nb3 Nd6 18. Bf4 Qc8 19. Nc5 h5 20. Nh4 Bf6 21. Nxf5 Nxf5 22. Bd3 Ng7 23. Qf3 e5 24. dxe5 Nxe5 25. Bxe5 Bxe5 26. Rxe5 Qxc5 27. Rd1 Qb6 28. Rxd5 Qxb2 29. Bxg6 Rc8 30. Bxf7+ Kh8 31. Rxh5+ Nxh5 32. Qxh5+ Kg7 33. Qg6+ 1-0

[Event "Szansa Chess Open 2022"]
[Site "Warsaw"]
[Date "2022.09.17"]
[Round "3.2"]
[White "Czarnecka, Lidia"]
[Black "Kosakowski, Jakub"]
[Result "0-1"]
[ECO "B15"]
[WhiteElo "1957"]
[BlackElo "2457"]
[Annotator "ChessBase"]
[PlyCount "74"]
[EventDate "2022.09.17"]
[EventCountry "POL"]
[SourceTitle "playchess.com"]
[Source "ChessBase"]
[SourceQuality "1"]
[TimeControl "900+10"]

1. e4 c6 2. d4 d5 3. Nc3 dxe4 4. Nxe4 Nf6 5. Nxf6+ exf6 6. c3 Bd6 7. Bd3 O-O 8. Ne2 Re8 9. Be3 Nd7 10. O-O Qc7 11. Ng3 Nf8 12. Re1 Be6 13. Qc2 Re7 14. Re2 Rae8 15. Rae1 h5 16. Nf1 h4 17. c4 h3 18. g3 c5 19. dxc5 Bxc5 20. Bxc5 Qxc5 21. b3 Nd7 22. Be4 Ne5 23. Nd2 Bg4 24. Re3 Rd8 25. Bh1 Red7 26. Ne4 Qa5 27. f3 Bh5 28. c5 Bxf3 29. Nd6 Bxh1 30. Kxh1 Qc7 31. R1e2 b6 32. b4 bxc5 33. bxc5 Qc6+ 34. Kg1 Rc7 35. Ne4 Rd4 36. Nf2 Qd5 37. Rc3 Qg2# 0-1

[Event "Szansa Chess Open 2022"]
[Site "Warsaw"]
[Date "2022.09.17"]
[Round "3.3"]
[White "Jakubowski, Krzysztof"]
[Black "Slomczewski, Michal"]
[Result "1-0"]
[ECO "B48"]
[WhiteElo "2466"]
[BlackElo "2108"]
[Annotator "ChessBase"]
[PlyCount "87"]
[EventDate "2022.09.17"]
[EventCountry "POL"]
[SourceTitle "playchess.com"]
[Source "ChessBase"]
[SourceQuality "1"]
[TimeControl "900+10"]

1. e4 c5 2. Nf3 e6 3. d4 cxd4 4. Nxd4 Nc6 5. Nc3 Qc7 6. Be3 a6 7. Qf3 b5 8. Nxc6 dxc6 9. O-O-O e5 10. Qg3 Nf6 11. f3 Be6 12. Be2 Nh5 13. Qf2 Be7 14. Bb6 Qb7 15. Bc5 O-O 16. Bd6 Qa7 17. Qxa7 Rxa7 18. Bxe5 Bc5 19. g3 f6 20. Bd6 Be3+ 21. Kb1 Rd8 22. f4 g6 23. f5 Bf7 24. Bxh5 gxh5 25. Bf4 Rxd1+ 26. Rxd1 Bc5 27. Rd8+ Kg7 28. Bd6 Bb6 29. Rb8 Bc7 30. Bf8+ Kh8 31. Rc8 Bg8 32. Ne2 Be5 33. Rd8 Rb7 34. Nf4 Rb8 35. Rxb8 Bxb8 36. Nxh5 Bc4 37. Nxf6 Bf7 38. Nd7 Bc7 39. e5 Kg8 40. e6 Be8 41. Bh6 Bxd7 42. exd7 Bd8 43. h4 Kf7 44. Bg5 1-0

[Event "Szansa Chess Open 2022"]
[Site "Warsaw"]
[Date "2022.09.17"]
[Round "3.4"]
[White "Jarocka, Liwia"]
[Black "Nasuta, Grzegorz"]
[Result "0-1"]
[ECO "B22"]
[WhiteElo "2131"]
[BlackElo "2531"]
[Annotator "ChessBase"]
[PlyCount "68"]
[EventDate "2022.09.17"]
[EventCountry "POL"]
[SourceTitle "playchess.com"]
[Source "ChessBase"]
[SourceQuality "1"]
[TimeControl "900+10"]

1. e4 c5 2. c3 Nf6 3. e5 Nd5 4. Nf3 d6 5. exd6 Qxd6 6. d4 cxd4 7. Nxd4 a6 8. Be2 e5 9. Nb3 Nc6 10. O-O Be6 11. c4 Ndb4 12. Nc3 O-O-O 13. Be3 Nd4 14. Bxd4 exd4 15. c5 Qd7 16. Ne4 d3 17. Bf3 Kb8 18. c6 Nxc6 19. Nec5 Bxc5 20. Nxc5 Qd6 21. Rc1 d2 22. Nxa6+ Ka7 23. Rxc6 bxc6 24. Qa4 Kb7 25. Nb4 Rc8 26. Qa6+ Kc7 27. Nxc6 Kd7 28. Qb5 Rxc6 29. Bxc6+ Qxc6 30. Qe2 Qc1 31. Rd1 Ke7 32. f4 Rd8 33. Kh1 Qxd1+ 34. Qxd1 Bg4 0-1

[Event "Szansa Chess Open 2022"]
[Site "Warsaw"]
[Date "2022.09.17"]
[Round "3.5"]
[White "Vasynda, Oleksandr"]
[Black "Kozak, Antoni"]
[Result "0-1"]
[ECO "D00"]
[WhiteElo "1866"]
[BlackElo "2434"]
[Annotator "ChessBase"]
[PlyCount "56"]
[EventDate "2022.09.17"]
[EventCountry "POL"]
[SourceTitle "playchess.com"]
[Source "ChessBase"]
[SourceQuality "1"]
[TimeControl "900+10"]

1. d4 d5 2. Bf4 c5 3. e3 cxd4 4. exd4 Nc6 5. c3 f6 6. Nf3 g5 7. Bg3 h5 8. h3 Bf5 9. Bd3 e6 10. Qe2 Kf7 11. Nbd2 Bxd3 12. Qxd3 Nge7 13. O-O-O Ng6 14. Rde1 Qd7 15. Re2 h4 16. Bh2 Bd6 17. Bxd6 Qxd6 18. g3 Rac8 19. Rhe1 Rce8 20. Rf1 Kg7 21. Ng1 e5 22. dxe5 Ncxe5 23. Qd4 Qa6 24. Qxd5 Rd8 25. Qb3 Rd6 26. Ne4 Rb6 27. Qd5 Ne7 28. Qc5 Nd3+ 0-1

[Event "Szansa Chess Open 2022"]
[Site "Warsaw"]
[Date "2022.09.17"]
[Round "3.6"]
[White "Nguyen, Piotr"]
[Black "Janeczko, Jakub"]
[Result "1-0"]
[ECO "A20"]
[WhiteElo "2421"]
[BlackElo "2159"]
[Annotator "ChessBase"]
[PlyCount "37"]
[EventDate "2022.09.17"]
[EventCountry "POL"]
[SourceTitle "playchess.com"]
[Source "ChessBase"]
[SourceQuality "1"]
[TimeControl "900+10"]

1. c4 e5 2. g3 g6 3. Bg2 Bg7 4. Nc3 d6 5. e4 c5 6. Nge2 Ne7 7. O-O O-O 8. a3 Nbc6 9. Rb1 Be6 10. d3 f5 11. Nd5 Bxd5 12. exd5 Nd4 13. b4 b6 14. bxc5 bxc5 15. Nxd4 exd4 16. Rb7 Bf6 17. Re1 Rf7 18. Qa4 Nc8 19. Re8+ 1-0

[Event "Szansa Chess Open 2022"]
[Site "Warsaw"]
[Date "2022.09.17"]
[Round "3.7"]
[White "Fiszer, Bartosz"]
[Black "Kowalski, Igor"]
[Result "0-1"]
[ECO "B06"]
[WhiteElo "2232"]
[BlackElo "2344"]
[Annotator "ChessBase"]
[PlyCount "72"]
[EventDate "2022.09.17"]
[EventCountry "POL"]
[SourceTitle "playchess.com"]
[Source "ChessBase"]
[SourceQuality "1"]
[TimeControl "900+10"]

1. e4 g6 2. d4 Bg7 3. Nc3 d6 4. Be3 a6 5. a4 b6 6. Qd2 Bb7 7. h4 h5 8. f3 Nd7 9. Nge2 e6 10. g3 Ne7 11. Bg2 Rc8 12. O-O-O b5 13. axb5 Nb6 14. Bg5 axb5 15. Nxb5 Qd7 16. Na3 Ra8 17. Nc3 Nc6 18. d5 Nb4 19. dxe6 fxe6 20. Kb1 Rxa3 21. bxa3 Nc4 22. Qc1 Bxc3 23. Rd3 Bb2 24. Qe1 Nxd3 25. cxd3 Nxa3+ 26. Kxb2 Qb5+ 27. Kxa3 O-O 28. Qb4 Ra8+ 29. Kb3 Qxd3+ 30. Kb2 Qe2+ 31. Bd2 Qxg2 32. Rc1 c5 33. Qxb7 Qxd2+ 34. Rc2 Qd4+ 35. Rc3 Ra4 36. Kc2 Qf2+ 0-1

[Event "Szansa Chess Open 2022"]
[Site "Warsaw"]
[Date "2022.09.17"]
[Round "3.8"]
[White "Psyk, Radoslaw"]
[Black "Goraj, Barbara"]
[Result "1/2-1/2"]
[ECO "B20"]
[WhiteElo "2404"]
[BlackElo "2121"]
[Annotator "ChessBase"]
[PlyCount "171"]
[EventDate "2022.09.17"]
[EventCountry "POL"]
[SourceTitle "playchess.com"]
[Source "ChessBase"]
[SourceQuality "1"]
[TimeControl "900+10"]

1. e4 c5 2. Be2 Nc6 3. f4 d5 4. d3 dxe4 5. dxe4 Qxd1+ 6. Bxd1 b6 7. Nf3 Bb7 8. Nbd2 g6 9. O-O Bg7 10. c3 Rd8 11. Re1 Nf6 12. e5 Nd5 13. Ne4 O-O 14. Bc2 f6 15. e6 f5 16. Neg5 Nc7 17. Bd2 Rd6 18. Rad1 h6 19. Nf7 Rxe6 20. N7e5 Nxe5 21. Nxe5 Rd6 22. Bc1 Kh7 23. Nd7 Re8 24. h4 Bc8 25. Ne5 h5 26. Bb3 Bxe5 27. Rxe5 Rxd1+ 28. Bxd1 Be6 29. b3 Rd8 30. Be2 Kg7 31. Kf2 Kf7 32. c4 Na6 33. a3 Nc7 34. Be3 Rc8 35. Bf3 Ne8 36. Ke2 Nf6 37. Bd2 Rd8 38. Bc3 Ng4 39. Bxg4 fxg4 40. Re3 Bf5 41. Be5 Rd7 42. Rc3 Be4 43. g3 Bf3+ 44. Ke3 Ke6 45. Rc1 Kf5 46. Re1 Be4 47. Ke2 Rd3 48. b4 Rxa3 49. bxc5 bxc5 50. Rg1 a5 51. Kd2 a4 52. Kc1 Ra2 53. Re1 Rc2+ 54. Kd1 Rxc4 55. Re3 Rb4 56. Rc3 c4 57. Kd2 Bd3 58. Ke3 Ke6 59. Kd4 Rb1 60. Ra3 Rb4 61. Ra1 Rb2 62. Rxa4 Rg2 63. Ra7 Bf5 64. Ra3 Bd3 65. Ra8 Kf7 66. Ra7 Re2 67. Kd5 Re3 68. Kd4 Re2 69. Kd5 Re1 70. Kd4 Bf1 71. Rc7 Rd1+ 72. Ke4 Bd3+ 73. Ke3 Ke8 74. Bc3 Rg1 75. Bb4 Rxg3+ 76. Kd4 Rf3 77. Rxe7+ Kd8 78. Rf7 Bf5 79. Kd5 Rd3+ 80. Kc6 Re3 81. Rf8+ Re8 82. Ba5+ Ke7 83. Bb4+ Kd8 84. Ba5+ Ke7 85. Bb4+ Kd8 86. Ba5+ 1/2-1/2

[Event "Szansa Chess Open 2022"]
[Site "Warsaw"]
[Date "2022.09.17"]
[Round "3.9"]
[White "Celinski, Kamil"]
[Black "Jarmula, Lukasz"]
[Result "0-1"]
[ECO "B40"]
[WhiteElo "1959"]
[BlackElo "2457"]
[Annotator "ChessBase"]
[PlyCount "76"]
[EventDate "2022.09.17"]
[EventCountry "POL"]
[SourceTitle "playchess.com"]
[Source "ChessBase"]
[SourceQuality "1"]
[TimeControl "900+10"]

1. e4 c5 2. Nf3 e6 3. g3 Nc6 4. Bg2 Nf6 5. Nc3 d5 6. exd5 exd5 7. d4 cxd4 8. Nxd4 Be7 9. O-O O-O 10. Bg5 h6 11. Bf4 Bg4 12. Nde2 d4 13. Ne4 Nd5 14. f3 Be6 15. Kh1 Qb6 16. c4 Ne3 17. Bxe3 dxe3 18. b3 Nb4 19. Nf4 Rad8 20. Qe2 Bf5 21. Rfd1 g5 22. Nd5 Nxd5 23. cxd5 Bxe4 24. fxe4 Bf6 25. Rac1 Rc8 26. Bh3 Rxc1 27. Rxc1 a5 28. Rc4 Kg7 29. Bf5 Ra8 30. Kg2 Ra6 31. Qd3 a4 32. Kf3 axb3 33. axb3 Ra3 34. d6 Rxb3 35. Qd5 e2+ 36. Kxe2 Qe3+ 37. Kf1 Qf3+ 38. Ke1 Rb1+ 0-1

[Event "Szansa Chess Open 2022"]
[Site "Warsaw"]
[Date "2022.09.17"]
[Round "3.10"]
[White "Golecki, Jan"]
[Black "Lewicki, Miroslaw"]
[Result "1-0"]
[ECO "B53"]
[WhiteElo "2193"]
[BlackElo "2336"]
[Annotator "ChessBase"]
[PlyCount "55"]
[EventDate "2022.09.17"]
[EventCountry "POL"]
[SourceTitle "playchess.com"]
[Source "ChessBase"]
[SourceQuality "1"]
[TimeControl "900+10"]

1. e4 c5 2. Nf3 d6 3. d4 cxd4 4. Qxd4 Bd7 5. Bg5 Nc6 6. Qe3 h6 7. Bh4 g5 8. Bg3 Bg7 9. c3 Nf6 10. Nbd2 Qc7 11. h3 Ne5 12. Be2 Bc6 13. Nd4 Bd7 14. O-O-O a6 15. Nf5 Bxf5 16. exf5 Rc8 17. Bxe5 dxe5 18. Ne4 Qa5 19. Kb1 O-O 20. h4 Nd5 21. Rxd5 Qxd5 22. hxg5 hxg5 23. Bf3 Qd7 24. Qxg5 Rc6 25. Ng3 Qd3+ 26. Ka1 Rh6 27. Rxh6 e4 28. Bxe4 1-0

[Event "Szansa Chess Open 2022"]
[Site "Warsaw"]
[Date "2022.09.17"]
[Round "4.1"]
[White "Smykalo, Severyn"]
[Black "Gumularz, Szymon"]
[Result "0-1"]
[ECO "A40"]
[WhiteElo "1840"]
[BlackElo "2532"]
[Annotator "ChessBase"]
[PlyCount "130"]
[EventDate "2022.09.17"]
[EventCountry "POL"]
[SourceTitle "playchess.com"]
[Source "ChessBase"]
[SourceQuality "1"]
[TimeControl "900+10"]

1. d4 e6 2. c4 b6 3. Nf3 Bb7 4. Bg5 Be7 5. Bxe7 Qxe7 6. Nbd2 Nf6 7. e3 O-O 8. Bd3 c5 9. O-O Nc6 10. Rc1 Rac8 11. Qe2 cxd4 12. exd4 d5 13. b3 Rfd8 14. Qe3 dxc4 15. bxc4 g6 16. Rfd1 Qd6 17. Ne4 Nxe4 18. Bxe4 Na5 19. Bxb7 Nxb7 20. Ne5 Qf8 21. Ng4 Qg7 22. d5 Nc5 23. Qf4 Kh8 24. h4 exd5 25. cxd5 Nd7 26. Rc7 f5 27. Ne3 Qe5 28. Qxe5+ Nxe5 29. Rxa7 f4 30. Re7 Re8 31. Rxe8+ Rxe8 32. Nc2 Kg7 33. Nd4 Kf6 34. g3 f3 35. Rb1 Nd7 36. Nxf3 Re2 37. a3 Ra2 38. Rb3 Ke7 39. Ng5 h6 40. Re3+ Kf8 41. Ne6+ Kf7 42. d6 Rd2 43. Nd8+ Kf6 44. Nb7 Ne5 45. Rb3 Nd7 46. Kf1 Ke6 47. Ke1 Ra2 48. Rd3 Rc2 49. Nd8+ Kf6 50. Rf3+ Ke5 51. Nf7+ Ke6 52. Nxh6 Ne5 53. Rb3 Rc1+ 54. Ke2 Rc2+ 55. Kf1 Nc4 56. Kg2 Kxd6 57. Ng4 Ra2 58. Ne3 b5 59. Nxc4+ bxc4 60. Rb6+ Kd5 61. Rxg6 c3 62. Rg8 Rxa3 63. Rc8 Kd4 64. Kf3 c2+ 65. Ke2 Rc3 0-1

[Event "Szansa Chess Open 2022"]
[Site "Warsaw"]
[Date "2022.09.17"]
[Round "4.2"]
[White "Kosakowski, Jakub"]
[Black "Kokoszczynski, Jan"]
[Result "0-1"]
[ECO "C80"]
[WhiteElo "2457"]
[BlackElo "2313"]
[Annotator "ChessBase"]
[PlyCount "112"]
[EventDate "2022.09.17"]
[EventCountry "POL"]
[SourceTitle "playchess.com"]
[Source "ChessBase"]
[SourceQuality "1"]
[TimeControl "900+10"]

1. e4 e5 2. Nf3 Nc6 3. Bb5 a6 4. Ba4 Nf6 5. O-O Nxe4 6. d4 Be7 7. Re1 b5 8. Rxe4 d5 9. Nxe5 Nxe5 10. Rxe5 bxa4 11. b3 O-O 12. Ba3 Bxa3 13. Nxa3 Qd6 14. Nb1 Be6 15. Nc3 axb3 16. axb3 c5 17. Na4 Rac8 18. c3 Rc6 19. Qe1 cxd4 20. cxd4 Rfc8 21. Nc5 Rxc5 22. dxc5 Rxc5 23. Rd1 h6 24. h3 Rb5 25. Re3 Qb6 26. Qc3 Rb4 27. Red3 a5 28. R1d2 Kh7 29. Kh2 Kg8 30. Qe5 Re4 31. Qg3 Re1 32. Rd4 Rb1 33. R2d3 Qc5 34. Rh4 Qc1 35. Qe3 Qh1+ 36. Kg3 Re1 37. Qf4 g5 38. Qb8+ Kh7 39. Rxh6+ Kxh6 40. Qh8+ Kg6 41. Qg8+ Kh6 42. Qh8+ Kg6 43. Qg8+ Kh6 44. f4 gxf4+ 45. Kh4 Qf1 46. Rf3 Qe2 47. g4 Bxg4 48. Qh8+ Kg6 49. Qg8+ Kh6 50. Qh8+ Kg6 51. Qg8+ Kh6 52. Qg5+ Kh7 53. Rxf4 Be6 54. b4 axb4 55. Qg3 Qe5 56. Qd3+ Re4 0-1

[Event "Szansa Chess Open 2022"]
[Site "Warsaw"]
[Date "2022.09.17"]
[Round "4.3"]
[White "Smieszek, Wojciech"]
[Black "Jakubowski, Krzysztof"]
[Result "1/2-1/2"]
[ECO "B48"]
[WhiteElo "2082"]
[BlackElo "2466"]
[Annotator "ChessBase"]
[PlyCount "132"]
[EventDate "2022.09.17"]
[EventCountry "POL"]
[SourceTitle "playchess.com"]
[Source "ChessBase"]
[SourceQuality "1"]
[TimeControl "900+10"]

1. e4 c5 2. Nf3 e6 3. d4 cxd4 4. Nxd4 Nc6 5. Nc3 Qc7 6. Be3 a6 7. Bd3 Nf6 8. O-O Ne5 9. h3 Bc5 10. f4 d6 11. Kh1 Ned7 12. Qe1 b5 13. Qg3 Bb7 14. a3 g6 15. Rad1 O-O 16. f5 Nh5 17. Qh4 e5 18. Ndxb5 axb5 19. Nxb5 Qb6 20. Bh6 Be3 21. fxg6 hxg6 22. Bxf8 Rxf8 23. Bc4 d5 24. exd5 Bf4 25. Rf3 Qc5 26. b3 Nb6 27. Qf2 Qxf2 28. Rxf2 Ng3+ 29. Kh2 Ne4+ 30. Rxf4 exf4 31. Rd4 Nf6 32. Nd6 Bxd5 33. Bxd5 Nbxd5 34. c4 Ne3 35. Rxf4 Nd7 36. Rf3 Nc2 37. b4 f5 38. c5 Ra8 39. Nb5 f4 40. Rc3 Ne3 41. Nc7 Rf8 42. c6 Nb6 43. Ne6 Rf6 44. Nd4 Rd6 45. Ne2 g5 46. c7 Nc8 47. b5 Rd2 48. b6 Nxb6 49. Rb3 Nf1+ 50. Kg1 Rd1 51. Kf2 Nd2 52. Nc3 Nxb3 53. Nxd1 Nd4 54. Nc3 Kf7 55. Nd5 Nc8 56. g3 Ke6 57. gxf4 Kxd5 58. fxg5 Ke5 59. h4 Kf5 60. a4 Ne6 61. Ke3 Nxc7 62. Kd4 Ne6+ 63. Kc4 Nb6+ 64. Kb5 Nxa4 65. Kxa4 Nxg5 66. hxg5 Kxg5 1/2-1/2